 Dungeon Crawl Stone Soup version 0.29-a0-284-gf9362112df (webtiles) character file.

Game seed: 17564982819092216144

989 Inarius the Covert (level 7, 33/33 HPs)
             Began as a Felid Chaos Knight on Mar 13, 2022.
             Was a Plaything of Xom.
             Got out of the dungeon alive.
             The game lasted 00:15:57 (9196 turns).

Inarius the Covert (Felid Chaos Knight)             Turns: 9196, Time: 00:15:58

Health: 33/33      AC:  2    Str:  8    XL:     7   Next: 98%
Magic:  11/11      EV: 22    Int: 16    God:    Xom [...*..]
Gold:   251        SH:  0    Dex: 19    Spells: 10/10 levels left
                                        Lives:  0   Deaths: 2

rFire   . . .      SeeInvis +     - Unarmed
rCold   . . .      Faith    .   (shield unavailable)
rNeg    . . .      Spirit   .   (body armour unavailable)
rPois   .          Reflect  .   (helmet unavailable)
rElec   .          Harm     .   (cloak unavailable)
rCorr   .          Rampage  .   (gloves unavailable)
Will    +....                   (boots unavailable)
Stlth   +++++.....              (no amulet)
HPRegen 0.11/turn               (no ring)
MPRegen 0.12/turn               (no ring)

@: quick
A: very small, claws 1, fangs 3, see invisible, speed 1, shaggy fur 2, stealthy
paws, no weapons or thrown items, no armour, multi-lived, clever 1, mutation
resistance 1, wild magic 1, MP-powered wands
a: Renounce Religion


You escaped.
You worshipped Xom.
You were a favourite toy of Xom.
You visited 1 branch of the dungeon, and saw 6 of its levels.

You collected 251 gold pieces.

Inventory:

Wands
 b - a wand of mindburst (11)
 e - a wand of polymorph (14)
 j - a wand of flame (14)
 m - a wand of iceblast (11)
 o - a wand of digging (5)
 r - a wand of acid (5)
Scrolls
 c - a scroll of magic mapping
 g - 4 scrolls of identify
 h - 2 scrolls of vulnerability
 i - 3 scrolls of teleportation {unknown}
 k - 2 scrolls of amnesia {unknown}
 p - a scroll of enchant armour {unknown}
Potions
 d - a potion of might
 f - 2 potions of attraction
 l - 2 potions of heal wounds {unknown}
 n - a potion of cancellation
 q - a potion of mutation
 s - a potion of flight
 t - a potion of curing
Miscellaneous
 a - a piece from Xom's chessboard (12/15) (quivered)


   Skills:
 * Level 4.9 Fighting
 + Level 7.1 Dodging
 * Level 10.2 Stealth
 + Level 8.3 Unarmed Combat
 * Level 2.4 Spellcasting
 + Level 4.3 Evocations


You had 10 spell levels left.
You didn't know any spells.
Your spell library contained the following spells:

 Spells                   Type           Power      Damage    Failure   Level
 Shock                    Conj/Air       8%         1d3       28%         1
 Blink                    Tloc           4%         N/A       38%         2
 Summon Guardian Golem    Hex/Summ       2%         N/A       61%         3
 Swiftness                Air            2%         N/A       61%         3
 Airstrike                Air            1%         N/A       93%         4
 Manifold Assault         Tloc           2%         N/A       100%        5
 Orb of Destruction       Conj           1%         9d5       100%        7
 Spellforged Servitor     Conj/Summ      1%         N/A       100%        7
 Storm Form               Tmut/Air       1%         N/A       100%        7


Dungeon Overview and Level Annotations

Branches:
Dungeon (6/15)
 Temple: D:4-7

Altars:
Fedhas
Okawaru

Annotations:
D:3 Robin
D:4 2 transporters


Innate Abilities, Weirdness & Mutations

You have sharp claws.
You have razor-sharp teeth.
You have supernaturally acute eyesight. (SInv)
You cover ground quickly. (Speed+)
You are covered in thick fur. (AC +2)
Your paws help you pounce on unaware monsters.
You are incapable of wielding weapons or throwing items.
You cannot wear armour.
You gain extra lives every three experience levels.
Your mind is acute. (Int +2)
You are somewhat resistant to further mutation.
Your spells are a little harder to cast, but a little more powerful.
You expend magic power (3 MP) to strengthen your wands.


Message History

You scratch the orc warrior but do no damage.
You claw the orc warrior. You bite the orc warrior.
The orc warrior is almost dead.
The orc warrior hits you with a +0 short sword!
You die...
You are now level 7!
Xom roars with laughter!
You rejoin the land of the living...
Unknown command.
Unknown command.
Search for what [Enter for "door", or ? for help]? d:1
There is an open door here.
There is a stone staircase leading up here.
You climb upwards.
Level annotation: 2 transporters
There is a stone staircase leading down here.
You open the door.
There is an open door here.
There is a stone staircase leading up here.
You climb upwards.
Level annotation: Robin
There is a stone staircase leading down here.
There is a stone staircase leading up here.
You climb upwards.
There is a stone staircase leading down here.
You see here a +0 dagger.
There is a stone staircase leading up here.
You climb upwards.
There is a stone staircase leading down here. "You need some minor adjustments, mortal!"
Your body is suffused with distortional energy.
You feel your magical essence link to the dungeon's wands.
(D) Dungeon
Where to? (Enter - D:1 @ (x,y), ? - help)
There is a faded altar of an unknown god here.
You enter the shallow water.
Moving in this stuff is going to be slow.
There is a staircase leading out of the dungeon here.
Are you sure you want to leave the Dungeon?
This will make you lose the game!
You have escaped!

#...#.###....# #.# #.#
....#.#.+....# #.####### #.#
....#.#.#...####..##...# #.#
....#.#................###.#
....#.#....♣♣♣♣♣♣♣♣♣.......#
#...#.#....♣PP..PP..♣.#.####
##.##.#....♣PP..P...♣...#####
##.##.#....♣..PP...P♣.......#
##.##.#.#..♣..P.@.PP♣.#####.#
##.##'#....♣PP...P..♣.# #.#
##.........♣P...PP..♣.# #.#
##.........♣...P..PP♣.# #.#
#.........♣..PP..PP♣.# #.#
##..........♣♣♣♣♣♣♣♣♣.# #.#
.......>..............# #.#
###.......####.######.# #.# #
#.......####.######.#####.###


There were no monsters in sight!

Vanquished Creatures
  A two-headed ogre (D:6)
  Pikel (D:6)
  Grinder (D:3)
  Sigmund (D:4)
  Edmund (D:6)
  An orc warrior (D:4)
  An ice beast (D:5)
  A black bear (D:5)
  2 ogres
  A centaur (D:6)
  A phantom (D:6)
  Blork the orc (D:5)
  A necrophage (D:6)
  2 hounds
  A jelly (D:6)
  4 orc priests
  Ijyb (D:3)
  2 iguanas
  4 orc wizards
  9 adders
  A shadow imp (D:5)
  2 white imps
  2 ufetubi (D:5)
  2 worms
  3 dart slugs
  18 orcs
  8 ball pythons
  8 endoplasms
  A giant cockroach (D:2)
  13 goblins
  13 hobgoblins
  6 kobolds
  A quokka (D:3)
  5 bats
  5 frilled lizards
  2 rats
127 creatures vanquished.

Vanquished Creatures (collateral kills)
  A sky beast (D:5)
  A black bear (D:5)
  An orc (D:5)
3 creatures vanquished.

Grand Total: 130 creatures vanquished

Notes
Turn   | Place    | Note
-------+----------+-------------------------------------------
     0 | D:1      | Inarius the Felid Chaos Knight began the quest for the Orb.
     0 | D:1      | Reached XP level 1. HP: 10/10 MP: 2/2
   114 | D:1      | XOM: silly message
   304 | D:1      | Reached XP level 2. HP: 14/14 MP: 3/3
   412 | D:1      | XOM: silly message
   509 | D:1      | Reached skill level 1 in Stealth
   521 | D:1      | XOM: potion effect (curing)
   564 | D:1      | XOM: silly message
   645 | D:1      | XOM: divination: detect creatures
   690 | D:1      | Found a faded altar of an unknown god.
  1271 | D:1      | XOM: god gift: +14 obsidian axe {vorpal, Mesm Drain Fly
                  | SInv}
  1272 | D:1      | Found the +14 obsidian axe {vorpal, Mesm Drain Fly SInv}
  1289 | D:1      | XOM: give mutations
  1289 | D:1      | Gained mutation: You are dopey. (Int -2) [Xom's mischief]
  1289 | D:1      | Gained mutation: You are very dopey. (Int -4) [Xom's
                  | mischief]
  1684 | D:2      | Reached skill level 1 in Evocations
  1684 | D:2      | Reached XP level 3. HP: 17/17 MP: 4/4
  1721 | D:2      | XOM: smoke on damage
  1932 | D:2      | XOM: cloud trail
  2090 | D:2      | Reached skill level 2 in Stealth
  2501 | D:2      | XOM: silly message
  2767 | D:3      | Reached XP level 4. HP: 21/21 MP: 5/5
  2830 | D:3      | Noticed Ijyb
  2831 | D:3      | XOM: butterfly on damage
  2951 | D:2      | XOM: cloud trail
  2973 | D:3      | XOM: enchant monster (bad)
  2981 | D:3      | Killed Ijyb
  3093 | D:3      | XOM is BORED!
  3093 | D:3      | XOM: 3-stop teleportation journey
  3160 | D:3      | Noticed Grinder
  3160 | D:3      | XOM: 5-stop teleportation journey
  3184 | D:3      | Reached skill level 3 in Stealth
  3236 | D:3      | XOM: god gift: wand of iceblast (5)
  3441 | D:3      | XOM: god gift: brass wand {god gift}
  3477 | D:3      | Noticed Robin
  3477 | D:3      | XOM: 2-stop teleportation journey
  3510 | D:3      | XOM: silly message
  3631 | D:3      | XOM is BORED!
  3631 | D:3      | XOM: noise
  3810 | D:3      | Killed Grinder
  3811 | D:3      | Reached skill level 4 in Stealth
  3811 | D:3      | Reached XP level 5. HP: 9/24 MP: 6/6
  3811 | D:3      | Gained mutation: You are covered in thick fur. (AC +2)
                  | [Felid growth]
  3811 | D:3      | Reached XP level 6. HP: 11/28 MP: 7/7
  4394 | D:4      | Found a transporter.
  4485 | D:4      | XOM: summons friendly crimson imp
  4494 | D:4      | Reached skill level 5 in Unarmed Combat
  4694 | D:4      | XOM: give mutations
  4694 | D:4      | Lost mutation: You are very dopey. (Int -4) [Xom's grace]
  4694 | D:4      | Gained mutation: Your muscles are strong. (Str +2) [Xom's
                  | grace]
  4725 | D:4      | XOM: 5-stop teleportation journey
  4863 | D:4      | XOM is BORED!
  4863 | D:4      | XOM: summons 4 hostile demons
  4886 | D:4      | XOM: smoke on damage
  4902 | D:4      | Lost mutation: You are dopey. (Int -2) [potion of mutation]
  4902 | D:4      | Lost mutation: Your muscles are strong. (Str +2) [potion of
                  | mutation]
  4902 | D:4      | Gained mutation: Your mind is acute. (Int +2) [potion of
                  | mutation]
  4902 | D:4      | Gained mutation: You are weak. (Str -2) [potion of
                  | mutation]
  4902 | D:4      | Gained mutation: You expend magic power (3 MP) to
                  | strengthen your wands. [potion of mutation]
  5407 | D:4      | Found a transporter.
  5455 | D:4      | Noticed Sigmund
  5536 | D:4      | XOM: silly message
  5549 | D:4      | XOM: confusion (+ monsters)
  5553 | D:4      | Killed Sigmund
  5554 | D:4      | Reached skill level 5 in Stealth
  5554 | D:4      | Reached XP level 7. HP: 30/31 MP: 8/8
  5839 | D:5      | Entered Level 5 of the Dungeon
  5870 | D:5      | XOM: summons 3 friendly demons
  6143 | D:5      | Reached skill level 5 in Dodging
  6151 | D:5      | XOM: give mutations
  6151 | D:5      | Gained mutation: You are frail. (-10% HP) [Xom's mischief]
  6151 | D:5      | Gained mutation: Your spells are a little harder to cast,
                  | but a little more powerful. [Xom's mischief]
  6151 | D:5      | Lost mutation: You expend magic power (3 MP) to strengthen
                  | your wands. [Xom's mischief]
  6153 | D:5      | Lost mutation: Your mind is acute. (Int +2) [potion of
                  | mutation]
  6153 | D:5      | Lost mutation: You are frail. (-10% HP) [potion of
                  | mutation]
  6153 | D:5      | Lost mutation: You are weak. (Str -2) [potion of mutation]
  6153 | D:5      | Gained mutation: You are somewhat resistant to further
                  | mutation. [potion of mutation]
  6278 | D:5      | XOM: summons 3 friendly demons
  6460 | D:5      | Reached XP level 8. HP: 6/36 MP: 9/9
  6971 | D:5      | Noticed Blork the orc
  6975 | D:5      | Killed Blork the orc
  7098 | D:5      | XOM: smoke on damage
  7099 | D:5      | XOM: blink monster(s)
  7212 | D:3      | XOM: torment (10/36 hp)
  7486 | D:5      | XOM: blink monster(s)
  7487 | D:5      | Reached skill level 6 in Stealth
  7744 | D:5      | XOM: give mutations
  7744 | D:5      | Gained mutation: Your mind is acute. (Int +2) [Xom's
                  | mischief]
  7744 | D:5      | Gained mutation: Your muscles are strong. (Str +2) [Xom's
                  | mischief]
  7744 | D:5      | Lost mutation: Your muscles are strong. (Str +2) [Xom's
                  | mischief]
  7955 | D:6      | Noticed Pikel
  7978 | D:6      | Killed Pikel
  7979 | D:6      | Reached skill level 7 in Stealth
  7979 | D:6      | Reached skill level 1 in Spellcasting
  8060 | D:6      | Noticed Edmund
  8063 | D:6      | Killed Edmund
  8064 | D:6      | Reached skill level 8 in Stealth
  8064 | D:6      | Reached XP level 9. HP: 39/39 MP: 10/12
  8139 | D:6      | XOM: chaos upgrade
  8141 | D:6      | XOM: chaos cloud
  8141 | D:6      | XOM: butterfly on damage
  8152 | D:6      | XOM: cast spell 'Metabolic Englaciation'
  8159 | D:6      | XOM: smoke on damage
  8165 | D:6      | XOM: enchant monster (good)
  8166 | D:6      | XOM: noise
  8303 | D:6      | XOM: butterfly on damage
  8313 | D:6      | XOM: divination: detect items
  8323 | D:6      | Slain by an iguana
  8324 | D:6      | Reached XP level 8. HP: 0/36 MP: 11/11
  8324 | D:6      | Upgraded the game from 0.29-a0-283-ga02f740833 to
                  | 0.29-a0-284-gf9362112df
  8390 | D:6      | XOM: 1-stop teleportation journey
  8580 | D:6      | Found a large runed translucent door.
  8581 | D:6      | Found a large runed translucent door.
  8608 | D:6      | XOM: confuse monster(s)
  8611 | D:6      | Reached skill level 9 in Stealth
  8646 | D:6      | Found a blossoming altar of Fedhas.
  8661 | D:6      | Found an iron altar of Okawaru.
  8661 | D:6      | Noticed a two-headed ogre
  8670 | D:6      | Killed a two-headed ogre
  8671 | D:6      | Reached skill level 10 in Stealth
  9066 | D:5      | Mangled by an orc warrior
  9067 | D:5      | Reached XP level 7. HP: -8/33 MP: 11/11
  9137 | D:1      | XOM: give mutation
  9137 | D:1      | Gained mutation: You expend magic power (3 MP) to
                  | strengthen your wands. [Xom's grace]
  9196 | D:$      | Got out of the dungeon alive.

Illustrated notes

Levels and vault maps discovered:
D:1:      scummos_arrival_checkerplants, layout_basic,
          shapermc_ecumenical_altar_starsandcircs
D:2:      layout_basic, minmay_misc_feat_pillars, minmay_misc_feat_more_columns
D:3:      layout_loops_cross, uniq_robin, uniq_ijyb, uniq_grinder
D:4:      gammafunk_steamed_eel, layout_gridville,
          hangedman_abyss_or_decor_stagger, uniq_sigmund
D:5:      layout_gridville, chequers_serial_rivers_micro_a, uniq_blork_the_orc
D:6:      layout_loops_corners, jmf_multi_god_temple2, uniq_edmund, uniq_pikel

Skill      XL: |  1  2  3  4  5  6  7  8 |
---------------+-------------------------+-----
Stealth        | 1 2 4 5 10 | 10.2
Evocations     | 1 2 3 4 |  4.3
Unarmed Combat | 4 5 6 8 |  8.3
Dodging        | 4 5 7 |  7.1
Fighting       | 4 |  4.9
Spellcasting   | 2 |  2.4

Action                   |  1- 3 |  4- 6 |  7- 9 || total
-------------------------+-------+-------+-------++-------
Melee: Unarmed           |   119 |   160 |   176 ||   455
       Punch             |     8 |     5 |    13 ||    26
       Bite              |    11 |    20 |    24 ||    55
Evoke: Piece from Xom's  |       |     6 |     8 ||    14
       Wand              |       |       |     2 ||     2
  Use: Potion            |       |     6 |     1 ||     7
       Scroll            |       |     6 |       ||     6
 Stab: Sleeping          |     5 |     3 |    10 ||    18
       Petrified         |       |     4 |     1 ||     5
       Confused          |       |     1 |     1 ||     2
       Paralysed         |       |       |     4 ||     4
Armor: Skin              |     3 |     5 |     8 ||    16
Dodge: Dodged            |    98 |   111 |   150 ||   359

Table legend: (Time is in decaauts)
 A = Elapsed time spent in this place.
 B = Non-inter-level travel time spent in this place.
 C = Inter-level travel time spent in this place.
 D = Time resting spent in this place.
 E = Time spent auto-exploring this place.
 F = Levels seen in this place.
 G = Mean time per level.
                   A        B        C        D        E       F      G
               +--------+--------+--------+--------+--------+-----+--------+
         Total |   8272 |   8030 |    242 |   3555 |   3117 |   6 | 1378.7 |
       Dungeon |   8272 |   8030 |    242 |   3555 |   3117 |   6 | 1378.7 |
               +--------+--------+--------+--------+--------+-----+--------+

Top non-repeatable levels by time:
     D:4: 1624 daAuts
     D:3: 1556 daAuts
     D:1: 1413 daAuts
     D:5: 1336 daAuts
     D:2: 1310 daAuts
     D:6: 1030 daAuts
